 Dungeon Crawl Stone Soup version 0.28-a0-1510-gd0f6b136d3 (webtiles) character file.

Game seed: 16433656687291912942

805 ytrimaz the Insei (level 7, -3/46 HPs)
             Began as an Octopode Transmuter on Jan 14, 2022.
             Was an Initiate of Ashenzari.
             Slain by a gnoll sergeant (8 damage)
             ... on level 6 of the Dungeon.
             The game lasted 00:05:21 (6402 turns).

ytrimaz the Insei (Octopode Transmuter)             Turns: 6402, Time: 00:05:22

Health: -3/46      AC:  1    Str:  9    XL:     7   Next: 91%
Magic:  13/13      EV: 13    Int: 17    God:    Ashenzari [......]
Gold:   279        SH:  0    Dex: 13    Spells: 5/15 levels left

rFire   . . .      SeeInvis .     - Unarmed
rCold   . . .      Faith    .   (no shield)
rNeg    . . .      Spirit   .   f - +0 hat
rPois   .          Reflect  .   c - amulet of magic regeneration
rElec   .          Harm     .   h - ring of resist corrosion
rCorr   +          Rampage  .   (no ring)
Will    .....                   (no ring)
Stlth   ++........              (no ring)
HPRegen 0.15/turn               (no ring)
MPRegen 0.53/turn               (no ring)
                                (no ring)
                                (no ring)

@: no status effects
A: almost no armour, amphibious, 8 rings, camouflage 1, gelatinous body 1,
(nimble swimmer 1), tentacles
a: Renounce Religion


You were on level 6 of the Dungeon.
You worshipped Ashenzari.
Ashenzari was noncommittal.
You visited 2 branches of the dungeon, and saw 7 of its levels.

You collected 279 gold pieces.

Inventory:

Armour
 f - a +0 hat (worn)
Jewellery
 c - an amulet of magic regeneration (around mantle)
 h - a ring of resist corrosion (left tentacle)
Wands
 d - a wand of flame (40)
Scrolls
 a - 2 scrolls of teleportation
 e - a scroll of vulnerability {unknown}
 i - a scroll of identify
 k - 2 scrolls of fog {unknown}
Potions
 b - 3 potions of mutation
 g - a potion of might
 j - a potion of cancellation


   Skills:
 * Level 3.0 Fighting
 - Level 2.0 Dodging
 + Level 5.1 Unarmed Combat
 * Level 4.6 Spellcasting
 * Level 4.3 Transmutations
 + Level 0.3 Ice Magic
 * Level 3.0 Poison Magic


You had 5 spell levels left.
You knew the following spells:

 Your Spells              Type           Power      Damage    Failure   Level
a - Beastly Appendage     Tmut           36%        N/A       2%          1
b - Wereblood             Tmut           18%        N/A       3%          2
c - Spider Form           Tmut/Pois      16%        N/A       10%         3
d - Ice Form              Ice/Tmut       11%        N/A       50%         4

Your spell library contained the following spells:

 Spells                   Type           Power      Damage    Failure   Level
 Pain                     Necr           12%        1d4       16%         1
 Ozocubu's Armour         Ice            5%         N/A       36%         3
 Metabolic Englaciation   Hex/Ice        2%         N/A       98%         5
 Agony                    Necr           3%         N/A       99%         5
 Excruciating Wounds      Necr           1%         N/A       99%         5
 Simulacrum               Ice/Necr       2%         N/A       100%        6


Dungeon Overview and Level Annotations

Branches:
Dungeon (6/15)             Temple (1/1) D:6

Altars:
Ashenzari
Cheibriados
Dithmenos
Elyvilon
Fedhas
Gozag
Hepliaklqana
Kikubaaqudgha
Makhleb
Nemelex Xobeh
Okawaru
Qazlal
Ru
Sif Muna
Trog
Vehumet
Wu Jian
Xom
Yredelemnul
Zin
The Shining One

Annotations:
D:5 exclusion: steam dragon


Innate Abilities, Weirdness & Mutations

You cannot wear most types of armour.
You are amphibious.
You can wear up to eight rings at the same time.
Your skin changes colour to match your surroundings (Stealth+).
Your rubbery body absorbs attacks. (AC +1, EV +1)
((You are camouflaged when in or above water. (Stealth+)))
You have tentacles for arms and can constrict up to eight enemies at once.


Message History

The ufetubus shouts!
You hear a shout! x2
A gnoll sergeant comes into view. It is wielding a +1 vampiric spear.
The gnoll sergeant moves out of view.
There is a staircase to the Ecumenical Temple here.
An ufetubus is nearby!
An ufetubus is nearby!
The ufetubus misses you. The ufetubus closely misses you.
You closely miss the ufetubus. You grab the ufetubus. You squeeze the ufetubus.
The ufetubus is heavily wounded.
You constrict the ufetubus. The ufetubus closely misses you.
The ufetubus hits you.
You tentacle-slap the ufetubus.
You kill the ufetubus!
A gnoll comes into view. It is wielding a +0 halberd.
The gnoll sergeant barely misses you.
A gnoll comes into view. It is wielding a +0 spear.
The gnoll sergeant hits you with a +1 vampiric spear!
You tentacle-slap the gnoll sergeant but do no damage.
Your grab misses the gnoll sergeant.
A gnoll comes into view. It is wielding a +0 halberd.
The gnoll sergeant hits you with a +1 vampiric spear!
You closely miss the gnoll sergeant.
The gnoll shouts!
You grab the gnoll sergeant.
You constrict the gnoll sergeant, but do no damage.
The gnoll sergeant hits you with a +1 vampiric spear.
Unknown command.
You release your grip on the gnoll sergeant.
The gnoll sergeant barely misses you.
A gnoll comes into view. It is wielding a +0 halberd.
There is a stone staircase leading up here.
The gnoll throws a throwing net.
The throwing net hits you.
You become entangled in the net!
You see here a throwing net.
You tear a large gash into the net.
The gnoll sergeant hits you from afar with a +1 vampiric spear!
* * * LOW HITPOINT WARNING * * *
You shred the net and break free!
The gnoll sergeant hits you from afar with a +1 vampiric spear!
You die...

#... #...# #...# #
#...# #... #...# #..#.
####...######
#...###.....g.@...#
#............<###.....
##...#.#.............#.
##...#.#.#g..g.........
...#.#.#.#..g........#
..#.>.#.g>...###[.##
#.#.#.#............
..#.#.#.....########
......#.#......# ##


You could see a gnoll sergeant and 4 gnolls.

Vanquished Creatures
  An ogre (D:5)
  A phantom (D:4)
  4 scorpions
  2 hounds
  Crazy Yiuf (D:3)
  2 iguanas (D:5)
  2 centaur skeletons (D:5)
  2 orc wizards
  5 adders
  4 gnolls (D:2)
  An ufetubus (D:6)
  2 dart slugs
  14 orcs
  8 endoplasms
  2 giant cockroaches
  8 goblins
  4 hobgoblins
  2 jackals (D:1)
  5 kobolds
  A quokka (D:1)
  6 ball pythons
  5 bats
  3 frilled lizards
  2 rats (D:2)
87 creatures vanquished.

Notes
Turn   | Place    | Note
-------+----------+-------------------------------------------
     0 | D:1      | ytrimaz the Octopode Transmuter began the quest for the
                  | Orb.
     0 | D:1      | Reached XP level 1. HP: 13/13 MP: 3/3
   191 | D:1      | Reached XP level 2. HP: 18/18 MP: 5/5
   568 | D:1      | Learned a level 2 spell: Wereblood
   683 | D:1      | Reached XP level 3. HP: 23/23 MP: 4/6
   687 | D:1      | Learned a level 3 spell: Spider Form
  1268 | D:2      | Reached XP level 4. HP: 28/28 MP: 3/8
  1547 | D:2      | Reached XP level 5. HP: 33/34 MP: 4/9
  1549 | D:2      | Reached skill level 4 in Unarmed Combat
  1845 | D:2      | Learned a level 4 spell: Ice Form
  2463 | D:3      | Found a runed translucent door.
  2464 | D:3      | Noticed Crazy Yiuf
  2542 | D:3      | Killed Crazy Yiuf
  2543 | D:3      | Reached skill level 1 in Poison Magic
  3502 | D:4      | Noticed a phantom
  3718 | D:4      | Reached XP level 6. HP: 21/39 MP: 11/11
  3720 | D:4      | HP: 1/39 [phantom (7)]
  4136 | D:5      | Entered Level 5 of the Dungeon
  4254 | D:5      | Noticed a steam dragon
  4325 | D:5      | Identified the +4 hunting sling of Unkyef {speed, rF- rN+
                  | Will+ Str+3 SInv}
  4581 | D:5      | Reached XP level 7. HP: 26/45 MP: 10/13
  4804 | D:5      | HP: 1/45 [orc (3)]
  5295 | D:5      | Reached skill level 5 in Unarmed Combat
  5961 | D:6      | Found a staircase to the Ecumenical Temple.
  5973 | Temple   | Entered the Ecumenical Temple
  6358 | Temple   | Became a worshipper of Ashenzari the Shackled
  6402 | D:6      | Slain by a gnoll sergeant

Illustrated notes

Levels and vault maps discovered:
D:1:      eino_arrival_druids_welcome, layout_loops_ring
D:2:      layout_rooms, minmay_tromino_v4_c
D:3:      layout_loops_cross, uniq_crazy_yiuf_cottage
D:4:      layout_loops_corners
D:5:      layout_loops_ring, minivault_25
D:6:      layout_loops_cross, minmay_temple_entry_grid
Temple:   nicolae_temple_the_god_donut

Skill      XL: |  1  2  3  4  5  6  7 |
---------------+----------------------+-----
Spellcasting   | 3 4 |  4.6
Unarmed Combat | 4 5 |  5.1
Fighting       | 2 3 |  3.0
Transmutations | 3 4 |  4.3
Poison Magic   | 1 2 3 |  3.0
Dodging        | |  2.0
Ice Magic      | |  0.3

Action                   |  1- 3 |  4- 6 |  7- 9 || total
-------------------------+-------+-------+-------++-------
Melee: Unarmed           |    61 |    97 |    62 ||   220
       Constrict         |    17 |    18 |     7 ||    42
       Tentacles         |     7 |    15 |     3 ||    25
       Punch             |     2 |     3 |     1 ||     6
       Kick              |    10 |    27 |       ||    37
 Cast: Beastly Appendage |     9 |    15 |       ||    24
       Wereblood         |     4 |     4 |     1 ||     9
       Spider Form       |       |     4 |     6 ||    10
       Ice Form          |       |     2 |       ||     2
  Use: Scroll            |     1 |     3 |     1 ||     5
       Potion            |       |     3 |     1 ||     4
 Stab: Sleeping          |     2 |     3 |       ||     5
Armor: Skin              |     5 |     7 |     3 ||    15
Dodge: Dodged            |    39 |    50 |    77 ||   166

Table legend: (Time is in decaauts)
 A = Elapsed time spent in this place.
 B = Non-inter-level travel time spent in this place.
 C = Inter-level travel time spent in this place.
 D = Time resting spent in this place.
 E = Time spent auto-exploring this place.
 F = Levels seen in this place.
 G = Mean time per level.
                   A        B        C        D        E       F      G
               +--------+--------+--------+--------+--------+-----+--------+
         Total |   6396 |   6195 |    201 |    671 |   4723 |   7 |  913.7 |
       Dungeon |   5987 |   5836 |    151 |    671 |   4381 |   6 |  997.8 |
        Temple |    409 |    359 |     50 |      0 |    342 |   1 |  409.0 |
               +--------+--------+--------+--------+--------+-----+--------+

Top non-repeatable levels by time:
     D:5: 1697 daAuts
     D:4: 1454 daAuts
     D:1: 994 daAuts
     D:3: 938 daAuts
     D:2: 852 daAuts
  Temple: 409 daAuts
     D:6: 50 daAuts
